 Dungeon Crawl Stone Soup version 0.31-a0-216-g22e908daa7 (webtiles) character file.

Game seed: 9838967740111525177

15852 qw the Cleaver (level 12, 0/76 HPs)
             Began as a Gargoyle Fighter on July 1, 2023.
             Was a High Priest of Okawaru.
             Slain by a merfolk
             ... wielding a +0 trident
              (2 damage)
             ... on level 3 of the Lair of Beasts.
             The game lasted 00:05:15 (11427 turns).

qw the Cleaver (Gargoyle Fighter)                  Turns: 11427, Time: 00:05:16

Health: 0/76       AC: 24    Str: 25    XL:     12   Next: 31%
Magic:  19/19      EV:  8    Int:  9    God:    Okawaru [*****.]
Gold:   949        SH: 11    Dex:  9    Spells: 11/11 levels left

rFire   . . .        Y - +0 war axe (heavy)
rCold   . . .        x - +0 kite shield
rNeg    + + .        q - +0 plate armour
rPois   inf          (no helmet)
rElec   +            (no cloak)
rCorr   .            (no gloves)
SInv    .            (no boots)
Will    .....        (no amulet) Stlth
                     n - ring of positive energy
HPRegen 0.32/turn    (no ring)
MPRegen 0.16/turn

%: no passive effects
@: about to teleport, heroic
A: sickness immunity, AC +8, negative energy resistance 1, electricity
resistance, torment resistance 1, petrification resistance
a: Renounce Religion, Heroism, Finesse, Duel


You were on level 3 of the Lair of Beasts.
You worshipped Okawaru.
Okawaru was extremely pleased with you.
You visited 3 branches of the dungeon, and saw 12 of its levels.
You also visited: Ossuary.

You collected 949 gold pieces.


Innate Abilities, Weirdness & Mutations

You are immune to sickness and miasma.
Your stone body is resilient. (AC +8)
You are immune to poison.
You resist negative energy. (rN+)
You are resistant to electric shocks. (rElec)
You are resistant to unholy torment.
You are immune to petrification.


   Skills:
 - Level 9.0(14.0) Fighting
 - Level 11.9(16.9) Axes
 - Level 3.4(8.4) Throwing
 - Level 7.0(12.0) Armour
 - Level 1.0(6.0) Dodging
 + Level 7.7(12.7) Shields
 + Level 9.9 Invocations


You had 11 spell levels left.
You didn't know any spells.
Your spell library was empty.

Inventory:

Hand Weapons
 k - a +0 flail
 Y - a +0 heavy war axe (weapon)
Missiles
 c - a silver boomerang (quivered)
Armour
 b - a +0 pair of gloves
 j - a +0 cloak
 q - a +0 plate armour (worn)
 t - the +0 pair of gloves of Heresy {-Cast Regen+ Str+2}
   (You found it on level 1 of the Lair of Beasts)

   Str:       It affects your strength (+2).
   -Cast:     It prevents spellcasting.
   Regen:     It increases your rate of health regeneration.
 v - a +0 helmet
 x - a +0 kite shield (worn)
Jewellery
 f - an amulet of guardian spirit
 l - a ring of fire
 n - a ring of positive energy (left hand)
Scrolls
 a - a scroll of identify
 o - 2 scrolls of teleportation
 w - a scroll of acquirement {unknown}
Potions
 d - a potion of might
 e - a potion of cancellation
 g - 4 potions of curing
 h - a potion of enlightenment
 i - 2 potions of attraction
 m - 5 potions of haste
 p - a potion of lignification
 r - a potion of mutation
 s - 2 potions of heal wounds
 u - a potion of magic

Dungeon Overview and Level Annotations

Branches:
Dungeon (8/15)             Temple (1/1) D:4            Lair (3/5) D:8
Ossuary (visited)
  Swamp: Lair:2-3    Shoals: Lair:2-3     Snake: Lair:2-3    Spider: Lair:2-3

Altars:
Ashenzari
Cheibriados
Dithmenos
Elyvilon
Gozag
Hepliaklqana
Makhleb
Okawaru
Qazlal
Ru
Sif Muna
Trog
Uskayaw
Vehumet
Wu Jian
Xom
Yredelemnul
Zin
The Shining One

Shops:
D:6 *

Annotations:
D:3 3 runed translucent doors, qw's ghost, amateur MiHs
D:7 1 transporter, qw's ghost, novice DEHu


Message History

The merfolk hits you from afar with a +0 trident.
The merfolk throws a boomerang.
The boomerang completely misses you.
You slash the skyshark!
The skyshark is severely wounded.
You slice the komodo dragon!!
A nearby plant withers and dies.
The skyshark bites you but does no damage.
You block the skyshark's attack. The skyshark tail-slaps you.
The merfolk barely misses you.
The komodo dragon completely misses you.
You block the merfolk's attack.
You hit the skyshark.
The skyshark is severely wounded.
You slice the komodo dragon!! The skyshark bites you.
The skyshark tail-slaps you but does no damage.
You block the skyshark's attack.
The merfolk hits you but does no damage.
The merfolk hits you from afar with a +0 trident!
The komodo dragon barely misses you. The merfolk barely misses you.
You block the skyshark's attack.
The skyshark tail-slaps you but does no damage. x2
You closely miss the komodo dragon.
The komodo dragon is almost dead.
You slice the skyshark!!
You kill the skyshark!
Okawaru accepts your kill.
You can now enter into single combat with a foe.
Okawaru will now gift you equipment as you gain piety.
The merfolk hits you from afar with a +0 trident.
The merfolk hits you but does no damage.
You block the komodo dragon's attack. You block the merfolk's attack.
The merfolk hits you from afar with a +0 trident!
The merfolk completely misses you.
11427 ||| READING 3 scrolls of teleportation.
As you read the scroll of teleportation, it crumbles to dust.
You feel strangely unstable.
The komodo dragon bites you but does no damage.
The merfolk hits you from afar with a +0 trident. x2
You die...

## #... .. ##.
#.... ..... ...
#...#.
.....##.###....P.
#................
#...............
##....#.........#
##........@lm.##.
#..........%m.....
#......$...#m.....
...........#.$.###
.........### ..~.
.#.........####.~~
....#.......# ...
#.#........## #.
.#.........### ##


You could see 3 merfolk and a komodo dragon.

Vanquished Creatures
  A skyshark (Lair:3)
  Pikel (D:5)
  An oklob plant (Lair:2)
  A black mamba (Lair:3)
  A torpor snail (Lair:3)
  2 cane toads
  A komodo dragon (Lair:2)
  3 rime drakes
  2 polar bears
  A queen bee (Lair:1)
  3 dream sheep (Lair:3)
  7 blink frogs
  A shadow (D:8)
  23 yaks
  2 basilisks
  A wyvern (Lair:3)
  2 steam dragons
  Grum (Lair:1)
  6 water moccasins
  A sky beast (D:7)
  3 black bears
  3 ogres
  3 ice beasts
  7 wolves
  5 centaurs
  2 kobold brigands
  A gnoll sergeant (D:8)
  8 bullfrogs
  7 scorpions
  3 wights (D:8)
  23 killer bees (Lair:1)
  3 hounds (D:5)
  A gnoll bouda (D:6)
  5 iguanas
  A sleepcap (D:8)
  4 orc wizards
  8 mummies (Ossuary)
  9 adders
  13 gnolls
  A river rat (D:6)
  A shadow imp (D:7)
  2 white imps (D:6)
  2 ufetubi
  3 worms
  2 dart slugs (D:2)
  16 orcs
  10 ball pythons
  8 bats
  8 endoplasms
  5 giant cockroaches
  9 goblins
  7 hobgoblins
  7 jackals
  11 kobolds
  5 quokkas
  3 frilled lizards
  3 hobgoblin zombies (Ossuary)
  2 kobold zombies (Ossuary)
  3 orc zombies (Ossuary)
  4 rats
282 creatures vanquished.

Vanquished Creatures (others)
  A wizard (D:5)
1 creature vanquished.

Grand Total: 283 creatures vanquished

Notes
Turn   | Place    | Note
-------+----------+-------------------------------------------
     0 | D:1      | qw the Gargoyle Fighter began the quest for the Orb.
     0 | D:1      | Reached XP level 1. HP: 14/14 MP: 1/1
     0 | D:1      | 0 ||| qw: Version: 0.3-a-35-g05ef00e
     0 | D:1      | 0 ||| qw: Game counter: 7756
     0 | D:1      | 0 ||| qw: Melee chars always use a shield: true
     0 | D:1      | 0 ||| qw: God list: Okawaru
     0 | D:1      | 0 ||| qw: Allow faded altars: false
     0 | D:1      | 0 ||| qw: Do Orc after clearing Dungeon:15 true
     0 | D:1      | 0 ||| qw: Do second Lair branch before Depths: true
     0 | D:1      | 0 ||| qw: Lair rune preference: random
     0 | D:1      | 0 ||| qw: Goals: Normal, Zot:1-4, Slime:5, God:TSO, Crypt,
                  | Tomb, Abyss, Pan, Hells, Win
     0 | D:1      | 0 ||| PLANNING D:1-11
    39 | D:1      | 39 ||| Stepping ~*~*~tactically~*~*~ (stealth).
    40 | D:1      | 40 ||| Stepping ~*~*~tactically~*~*~ (stealth).
    49 | D:1      | Reached skill level 2 in Axes
    56 | D:1      | Found a faded altar of an unknown god.
   115 | D:1      | 115 ||| Stepping ~*~*~tactically~*~*~ (stealth).
   127 | D:1      | Reached XP level 2. HP: 19/19 MP: 2/2
   343 | D:1      | 343 ||| Stepping ~*~*~tactically~*~*~ (stealth).
   351 | D:1      | Reached skill level 3 in Axes
   513 | D:1      | 513 ||| Stepping ~*~*~tactically~*~*~ (hiding).
   515 | D:1      | 515 ||| Stepping ~*~*~tactically~*~*~ (hiding).
   516 | D:1      | 516 ||| Stepping ~*~*~tactically~*~*~ (hiding).
   530 | D:1      | Reached XP level 3. HP: 15/23 MP: 3/3
   671 | D:1      | 671 ||| READING 3 scrolls labelled QEDGHA XOILUHUSM.
   672 | D:1      | 672 ||| READING scroll labelled MAOKKA AHYTUM.
   673 | D:1      | 673 ||| DRINKING 2 red potions.
   674 | D:1      | 674 ||| DRINKING 2 ruby potions.
   675 | D:1      | 675 ||| READING 2 scrolls of identify.
   675 | D:1      | 675 ||| IDENTIFYING metallic blue potion
   676 | D:1      | 676 ||| DROPPING potion of invisibility.
   716 | D:2      | Reached skill level 1 in Throwing
   719 | D:2      | 719 ||| FLEEEEING.
   720 | D:2      | 720 ||| STAIRDANCE
   773 | D:2      | 773 ||| Stepping ~*~*~tactically~*~*~ (stealth).
   808 | D:2      | 808 ||| Stepping ~*~*~tactically~*~*~ (stealth).
   931 | D:2      | 931 ||| Stepping ~*~*~tactically~*~*~ (hiding).
   932 | D:2      | 932 ||| Stepping ~*~*~tactically~*~*~ (hiding).
   948 | D:2      | Reached XP level 4. HP: 22/28 MP: 4/4
   951 | D:2      | 951 ||| FLEEEEING.
   984 | D:2      | 984 ||| Stepping ~*~*~tactically~*~*~ (stealth).
  1153 | D:2      | Reached skill level 4 in Axes
  1352 | D:2      | 1352 ||| READING scroll labelled AMUX TEFIFF.
  1410 | D:3      | Reached XP level 5. HP: 32/32 MP: 5/5
  1498 | D:3      | Found a shimmering altar of Xom.
  1498 | D:3      | Found a shimmering altar of Xom.
  1499 | D:3      | Found a shimmering altar of Xom.
  1500 | D:3      | Found a shimmering altar of Xom.
  1500 | D:3      | Found a shimmering altar of Xom.
  1501 | D:3      | Found a shimmering altar of Xom.
  1501 | D:3      | Found a shimmering altar of Xom.
  1509 | D:3      | Found a shimmering altar of Xom.
  1510 | D:3      | Found a shimmering altar of Xom.
  1517 | D:3      | 1517 ||| Stepping ~*~*~tactically~*~*~ (stealth).
  1568 | D:3      | Found a stormy altar of Qazlal.
  1590 | D:3      | Found a runed translucent gate.
  1590 | D:3      | Found a runed translucent gate.
  1590 | D:3      | Found a runed translucent gate.
  1650 | D:3      | Found a shadowy altar of Dithmenos.
  1742 | D:3      | Found a hazy altar of Hepliaklqana.
  1744 | D:3      | Found a faded altar of an unknown god.
  1746 | D:3      | Found a faded altar of an unknown god.
  1839 | D:3      | Noticed an ogre
  2019 | D:3      | Noticed qw's ghost (amateur MiHs)
  2022 | D:3      | 2022 ||| READING 4 scrolls of identify.
  2022 | D:3      | 2022 ||| IDENTIFYING amethyst potion
  2023 | D:3      | 2023 ||| READING 3 scrolls of identify.
  2023 | D:3      | 2023 ||| IDENTIFYING metallic coppery potion
  2024 | D:3      | 2024 ||| READING 2 scrolls of identify.
  2024 | D:3      | 2024 ||| IDENTIFYING sedimented puce potion
  2025 | D:3      | 2025 ||| DROPPING potion of degeneration.
  2048 | D:4      | Noticed a black bear
  2049 | D:4      | 2049 ||| Stepping ~*~*~tactically~*~*~ (stealth).
  2066 | D:4      | HP: 8/32 [black bear (3)]
  2068 | D:4      | Killed a black bear
  2069 | D:4      | Reached skill level 5 in Axes
  2069 | D:4      | Reached XP level 6. HP: 8/37 MP: 6/6
  2221 | D:4      | Found a shimmering blue altar of Sif Muna.
  2266 | D:4      | 2266 ||| DROPPING +0 whip.
  2343 | D:4      | Found a staircase to the Ecumenical Temple.
  2344 | D:4      | 2344 ||| PLANNING TEMPLE
  2348 | Temple   | Entered the Ecumenical Temple
  2354 | Temple   | 2354 ||| PLANNING OKAWARU WORSHIP
  2530 | Temple   | Became a worshipper of Warmaster Okawaru
  2531 | Temple   | 2531 ||| PLANNING D:1-11
  2627 | D:4      | Found a snail-covered altar of Cheibriados.
  2643 | D:4      | 2643 ||| UPGRADING to ring of positive energy.
  3417 | D:5      | Entered Level 5 of the Dungeon
  3418 | D:5      | 3418 ||| PLANNING OSSUARY
  3564 | D:5      | Reached skill level 1 in Dodging
  3571 | D:5      | Found a glowing golden altar of the Shining One.
  3581 | D:5      | Noticed an angel
  3662 | D:5      | Found a bloodstained altar of Trog.
  3663 | D:5      | Noticed a wizard
  3669 | D:5      | Killed a wizard
  3772 | D:5      | Noticed an ice beast
  3782 | D:5      | Killed an ice beast
  3782 | D:5      | Reached * piety under Okawaru
  3783 | D:5      | Reached skill level 6 in Axes
  3783 | D:5      | Reached XP level 7. HP: 43/43 MP: 7/7
  3840 | D:5      | Found a sand-covered staircase.
  3841 | D:5      | 3841 ||| UPGRADING to +0 plate armour.
  3851 | D:5      | 3851 ||| DROPPING +0 scale mail.
  3859 | Ossuary  | Entered an ossuary
  3918 | Ossuary  | Reached skill level 1 in Invocations
  4004 | Ossuary  | 4004 ||| INVOKING Heroism.
  4154 | Ossuary  | 4154 ||| READING scroll labelled AKINIF NYSE.
  4155 | Ossuary  | 4155 ||| READING scroll labelled HUSMOO HYGHASOCW.
  4156 | Ossuary  | 4156 ||| DRINKING 3 black potions.
  4157 | Ossuary  | 4157 ||| READING 2 scrolls of identify.
  4157 | Ossuary  | 4157 ||| IDENTIFYING puce potion
  4180 | D:5      | 4180 ||| PLANNING D:1-11
  4298 | D:5      | 4298 ||| INVOKING Heroism.
  4375 | D:5      | Found a hide-covered altar of Uskayaw.
  4472 | D:5      | 4472 ||| INVOKING Heroism.
  4472 | D:5      | HP: 7/43 [centaur/arrow (9)]
  4473 | D:5      | 4473 ||| DRINKING 2 potions of heal wounds.
  4481 | D:5      | Reached skill level 3 in Invocations
  4627 | D:5      | Noticed Pikel
  4628 | D:5      | 4628 ||| Stepping ~*~*~tactically~*~*~ (stealth).
  4630 | D:5      | 4630 ||| INVOKING Heroism.
  4634 | D:5      | Killed Pikel
  4635 | D:5      | Reached skill level 3 in Throwing
  4635 | D:5      | Reached XP level 8. HP: 36/48 MP: 7/11
  4731 | D:5      | Reached ** piety under Okawaru
  4942 | D:5      | Found a basalt altar of Yredelemnul.
  4944 | D:5      | Noticed a profane servitor
  4963 | D:5      | 4963 ||| READING 2 scrolls labelled ESACRY SIED.
  4966 | D:5      | 4966 ||| READING 2 scrolls of identify.
  4966 | D:5      | 4966 ||| IDENTIFYING fuming coppery potion
  5003 | D:6      | 5003 ||| PLANNING SEWER
  5084 | D:6      | Reached skill level 7 in Axes
  5085 | D:6      | Found Heimay's General Store.
  5340 | D:6      | 5340 ||| INVOKING Heroism.
  5535 | D:6      | 5535 ||| Stepping ~*~*~tactically~*~*~ (hiding).
  5731 | D:6      | 5731 ||| RIP SEWER
  5743 | D:6      | 5743 ||| PLANNING D:1-11
  5876 | D:6      | 5876 ||| Stepping ~*~*~tactically~*~*~ (hiding).
  5877 | D:6      | 5877 ||| Stepping ~*~*~tactically~*~*~ (hiding).
  5878 | D:6      | 5878 ||| INVOKING Heroism.
  5882 | D:6      | Reached XP level 9. HP: 54/54 MP: 9/12
  5942 | D:6      | Found a sacrificial altar of Ru.
  5944 | D:6      | 5944 ||| Stepping ~*~*~tactically~*~*~ (stealth).
  5946 | D:6      | 5946 ||| Stepping ~*~*~tactically~*~*~ (stealth).
  5948 | D:6      | 5948 ||| Stepping ~*~*~tactically~*~*~ (stealth).
  5964 | D:6      | 5964 ||| Stepping ~*~*~tactically~*~*~ (hiding).
  6162 | D:6      | Found an opulent altar of Gozag.
  6163 | D:6      | 6163 ||| DRINKING 2 white potions.
  6164 | D:6      | 6164 ||| DROPPING potion of brilliance.
  6203 | D:7      | 6203 ||| Stepping ~*~*~tactically~*~*~ (hiding).
  6376 | D:7      | Found a transporter.
  6377 | D:7      | Noticed qw's ghost (novice DEHu)
  6380 | D:7      | Noticed a two-headed ogre
  6423 | D:7      | Reached skill level 8 in Axes
  6444 | D:7      | 6444 ||| INVOKING Heroism.
  6599 | D:7      | 6599 ||| Stepping ~*~*~tactically~*~*~ (hiding).
  6600 | D:7      | 6600 ||| Stepping ~*~*~tactically~*~*~ (hiding).
  6601 | D:7      | 6601 ||| Stepping ~*~*~tactically~*~*~ (hiding).
  6602 | D:7      | 6602 ||| Stepping ~*~*~tactically~*~*~ (hiding).
  6729 | D:7      | 6729 ||| Stepping ~*~*~tactically~*~*~ (hiding).
  6734 | D:7      | 6734 ||| Stepping ~*~*~tactically~*~*~ (hiding).
  6742 | D:7      | Reached skill level 6 in Fighting
  6751 | D:7      | 6751 ||| Stepping ~*~*~tactically~*~*~ (stealth).
  6835 | D:7      | Found an ornate altar of the Wu Jian Council.
  6880 | D:7      | 6880 ||| INVOKING Heroism.
  7143 | D:7      | 7143 ||| INVOKING Heroism.
  7298 | D:7      | 7298 ||| DROPPING amulet of magic regeneration.
  7357 | D:8      | 7357 ||| Stepping ~*~*~tactically~*~*~ (hiding).
  7360 | D:8      | 7360 ||| Stepping ~*~*~tactically~*~*~ (hiding).
  7363 | D:8      | Reached skill level 9 in Axes
  7418 | D:8      | 7418 ||| INVOKING Heroism.
  7423 | D:8      | Found a staircase to the Lair.
  7463 | D:8      | Reached XP level 10. HP: 49/63 MP: 13/13
  7607 | D:8      | Reached *** piety under Okawaru
  7610 | D:8      | 7610 ||| INVOKING Heroism.
  7862 | D:8      | 7862 ||| DROPPING orb of mayhem.
  7863 | D:8      | 7863 ||| READING scroll labelled JAIGHEPLOCS.
  7864 | D:8      | 7864 ||| READING 2 scrolls of identify.
  7864 | D:8      | 7864 ||| IDENTIFYING sapphire potion
  7875 | D:8      | 7875 ||| INVOKING Heroism.
  7877 | D:8      | Reached skill level 10 in Axes
  7879 | D:8      | HP: 10/63 [steam dragon] (8)]
  7880 | D:8      | 7880 ||| READING 2 scrolls of teleportation.
  7881 | D:8      | 7881 ||| DRINKING potion of heal wounds.
  8063 | D:8      | 8063 ||| Stepping ~*~*~tactically~*~*~ (hiding).
  8066 | D:8      | 8066 ||| Stepping ~*~*~tactically~*~*~ (hiding).
  8134 | D:8      | 8134 ||| Stepping ~*~*~tactically~*~*~ (hiding).
  8142 | D:8      | 8142 ||| Stepping ~*~*~tactically~*~*~ (hiding).
  8243 | D:8      | Identified the +9 sling "Led Sigu" {flame, Int+3}
  8309 | D:8      | Reached skill level 6 in Armour
  8533 | D:8      | 8533 ||| PLANNING LAIR
  8557 | Lair:1   | Entered Level 1 of the Lair of Beasts
  8578 | Lair:1   | 8578 ||| INVOKING Heroism.
  8595 | Lair:1   | Reached **** piety under Okawaru
  8596 | Lair:1   | 8596 ||| FLEEEEING.
  8597 | Lair:1   | 8597 ||| FLEEEEING.
  8598 | Lair:1   | 8598 ||| FLEEEEING.
  8599 | Lair:1   | 8599 ||| FLEEEEING.
  8600 | Lair:1   | 8600 ||| FLEEEEING.
  8601 | Lair:1   | 8601 ||| FLEEEEING.
  8603 | Lair:1   | 8603 ||| STAIRDANCE
  8752 | Lair:1   | 8752 ||| INVOKING Heroism.
  8756 | Lair:1   | 8756 ||| Stepping ~*~*~tactically~*~*~ (stealth).
  8761 | Lair:1   | 8761 ||| Stepping ~*~*~tactically~*~*~ (stealth).
  8762 | Lair:1   | 8762 ||| Stepping ~*~*~tactically~*~*~ (stealth).
  8764 | Lair:1   | 8764 ||| Stepping ~*~*~tactically~*~*~ (hiding).
  8766 | Lair:1   | 8766 ||| Stepping ~*~*~tactically~*~*~ (cloud).
  8771 | Lair:1   | 8771 ||| INVOKING Heroism.
  8783 | Lair:1   | Reached skill level 11 in Axes
  8787 | Lair:1   | 8787 ||| Stepping ~*~*~tactically~*~*~ (stealth).
  8797 | Lair:1   | Reached XP level 11. HP: 37/69 MP: 14/14
  8797 | Lair:1   | 8797 ||| INVOKING Heroism.
  9072 | Lair:1   | Identified the +0 pair of gloves of Heresy {-Cast Regen+
                  | Str+2}
  9112 | Lair:1   | 9112 ||| INVOKING Heroism.
  9113 | Lair:1   | Noticed Grum
  9119 | Lair:1   | Reached skill level 9 in Fighting
  9119 | Lair:1   | Reached skill level 6 in Invocations
  9125 | Lair:1   | 9125 ||| INVOKING Heroism.
  9130 | Lair:1   | Killed Grum
  9530 | Lair:1   | 9530 ||| INVOKING Heroism.
  9629 | Lair:1   | Received a gift from Okawaru
  9641 | Lair:1   | 9641 ||| INVOKING Heroism.
  9748 | Lair:1   | 9748 ||| READING scroll labelled IKLUCE EGANUGO.
  9749 | Lair:1   | 9749 ||| READING 2 scrolls of identify.
  9749 | Lair:1   | 9749 ||| IDENTIFYING orange potion
  9856 | Lair:2   | Noticed an oklob plant
  9857 | Lair:2   | 9857 ||| INVOKING Heroism.
  9873 | Lair:2   | Killed an oklob plant
  9908 | Lair:2   | 9908 ||| INVOKING Heroism.
 10098 | Lair:2   | 10098 ||| INVOKING Heroism.
 10391 | Lair:2   | 10391 ||| INVOKING Heroism.
 10616 | Lair:2   | 10616 ||| Stepping ~*~*~tactically~*~*~ (stealth).
 10617 | Lair:2   | 10617 ||| INVOKING Heroism.
 10621 | Lair:2   | 10621 ||| Stepping ~*~*~tactically~*~*~ (stealth).
 10925 | Lair:2   | 10925 ||| UPGRADING to +0 kite shield.
 10935 | Lair:2   | 10935 ||| DROPPING +0 buckler.
 10936 | Lair:2   | 10936 ||| DROPPING ring of flight.
 10970 | Lair:3   | 10970 ||| Stepping ~*~*~tactically~*~*~ (hiding).
 10972 | Lair:3   | 10972 ||| Stepping ~*~*~tactically~*~*~ (stealth).
 11091 | Lair:3   | 11091 ||| INVOKING Heroism.
 11102 | Lair:3   | Received a gift from Okawaru
 11103 | Lair:3   | Reached skill level 6 in Shields
 11110 | Lair:3   | Reached XP level 12. HP: 37/76 MP: 18/18
 11160 | Lair:3   | 11160 ||| FLEEEEING.
 11161 | Lair:3   | 11161 ||| FLEEEEING.
 11162 | Lair:3   | 11162 ||| FLEEEEING.
 11163 | Lair:3   | 11163 ||| FLEEEEING.
 11164 | Lair:3   | 11164 ||| FLEEEEING.
 11165 | Lair:3   | 11165 ||| FLEEEEING.
 11166 | Lair:3   | 11166 ||| STAIRDANCE
 11232 | Lair:3   | Reached skill level 9 in Invocations
 11256 | Lair:3   | 11256 ||| Stepping ~*~*~tactically~*~*~ (stealth).
 11266 | Lair:3   | 11266 ||| INVOKING Heroism.
 11413 | Lair:3   | Noticed a skyshark
 11417 | Lair:3   | 11417 ||| INVOKING Heroism.
 11426 | Lair:3   | Killed a skyshark
 11426 | Lair:3   | Reached ***** piety under Okawaru
 11426 | Lair:3   | HP: 17/76 [merfolk/+0 trident (4)]
 11426 | Lair:3   | HP: 6/76 [merfolk/+0 trident (11)]
 11427 | Lair:3   | 11427 ||| READING 3 scrolls of teleportation.
 11427 | Lair:3   | HP: 2/76 [merfolk/+0 trident (4)]
 11427 | Lair:3   | Slain by a merfolk

Levels and vault maps discovered:
D:1:      tarquinn_simple_flora_water_e, layout_rooms,
          hellmonk_ecumenical_altar_pennies_from_heaven, roderic_malta_cross
D:2:      minmay_skewed_foursquare, layout_rooms, st_stairs_3,
          skrybe_limestone_x, minmay_tripent
D:3:      layout_rooms, xom_redecorated,
          nicolae_hepliaklqana_ecumenical_no_more, general_overflow_altar,
          nicolae_dithmenos_the_darkroom, ebering_ghost_rock_garden,
          lightli_corner_chamber
D:4:      layout_basic, amcnicky_altar_gilded, nicolae_sif_muna_condensation,
          temple_doors_e
D:5:      layout_loops_corners, grunt_temple_overflow_holy_war, trog_wizard,
          mainiacjoe_overflow_brackets, chequers_ossuary_entry_cave,
          kennysheep_generic_room_10, uniq_pikel
D:6:      layout_loops_corners, nicolae_ru_great_annihilating_truth,
          kennysheep_mini, portal_sewer_entry_b, serial_shops,
          nicolae_shop_advertising_works [nicolae_subvault_shop_adworks]
D:7:      layout_loops_corners, nzn_wu_jian_council_hall, gammafunk_ghost_smash
D:8:      layout_basic, due_lair_maze_entry_diamond, hangedman_decor_lopped,
          glass_columns_b, minmay_checkerbox
Temple:   nicolae_temple_bog_church
Lair:1:   layout_roguey [special_room_bee], uniq_grum
Lair:2:   layout_cave_pods, grunt_forest_small_clearings,
          chequers_serial_rivers_micro_d, st_stairs_9
Lair:3:   layout_misc_corridors, elwin_shoals_entry_stream,
          spider_nest_entry_funnel_web, beast_lair_carwin_6

Skill      XL: |  1  2  3  4  5  6  7  8  9 10 11 12 |
---------------+-------------------------------------+-----
Axes           | 2 3 4 5 6 7 9 11 | 11.9
Throwing       | 1 3 |  3.4
Fighting       | 4 5 7 8 9 |  9.0
Dodging        | 1 |  1.0
Invocations    | 5 8 9 |  9.9
Armour         | 4 5 6 7 |  7.0
Shields        | 4 5 6 7 |  7.7

Action                     |  1- 3 |  4- 6 |  7- 9 | 10-12 || total
---------------------------+-------+-------+-------+-------++-------
  Melee: War axe           |   116 |   118 |   185 |   353 ||   772
  Throw: Javelin           |    21 |    30 |     9 |       ||    60
         Boomerang         |       |       |       |     6 ||     6
 Invoke: Heroism           |       |       |    10 |    18 ||    28
    Use: Scroll            |     3 |     4 |     5 |     6 ||    18
         Potion            |     2 |       |     3 |     1 ||     6
   Stab: Paralysed         |       |       |     1 |       ||     1
 Armour: Scale mail        |    70 |    68 |       |       ||   138
         Plate armour      |       |       |   161 |   384 ||   545
  Dodge: Dodged            |    71 |    60 |    76 |   207 ||   414
  Block: Buckler           |    22 |    29 |    56 |   103 ||   210
         Kite shield       |       |       |       |    48 ||    48

Table legend:
 A = Non-vault XP
 B = Vault XP
 C = Vault XP percentage of total XP
 D = Non-vault monster count
 E = Vault monster count
 F = Vault count percentage of total count
                 A         B        C        D         E       F
            +---------+---------+-------+---------+---------+-------
      Total |   17599 |    5048 |  22.3 |     201 |      81 |  28.7
            +---------+---------+-------+---------+---------+-------
        D:1 |      36 |       0 |   0.0 |      20 |       0 |   0.0
        D:2 |      79 |      49 |  38.3 |      28 |      12 |  30.0
        D:3 |      32 |       0 |   0.0 |      11 |       0 |   0.0
        D:4 |     217 |       0 |   0.0 |      14 |       0 |   0.0
        D:5 |     611 |     638 |  51.1 |      12 |       2 |  14.3
        D:6 |     590 |      63 |   9.6 |      21 |       9 |  30.0
        D:7 |    1100 |       0 |   0.0 |      17 |       0 |   0.0
        D:8 |    1635 |    1231 |  43.0 |      21 |      13 |  38.2
     Lair:1 |    3998 |    2155 |  35.0 |      20 |      27 |  57.4
     Lair:2 |    3277 |     762 |  18.9 |      13 |       2 |  13.3
     Lair:3 |    6024 |       0 |   0.0 |      24 |       0 |   0.0
    Ossuary |       0 |     150 | 100.0 |       0 |      16 | 100.0
            +---------+---------+-------+---------+---------+-------
